 Dungeon Sprint DCSS version 0.27.1-33-g824d729ab1 (webtiles) character file.

Game seed: 3660240679356415737

613 Dadi the Fighter (level 7, -1/96 HPs)
             Began as a Demonspawn Berserker on Dec 20, 2021.
             Was a Priest of Trog.
             Splashed by Sonja's acid (8 damage)
             ... in the Dungeon (Sprint I: "Red Sonja").
             The game lasted 00:02:04 (754 turns).

Dadi the Fighter (Demonspawn Berserker)              Turns: 754, Time: 00:02:05

Health: -1/96      AC: -6    Str: 17    XL:     7   Next: 20%
Magic:  7/7        EV: 16    Int:  9    God:    Trog [***...]
Gold:   314        SH:  0    Dex: 14    Spells: 6/6 levels left

rFire    . . .     SeeInvis .   a - +0 mace
rCold    . . .     Faith    .   (no shield)
rNeg     . . .     Spirit   .   b - +0 animal skin
rPois    .         Reflect  .   (no helmet)
rElec    .         Harm     .   (no cloak)
rCorr    .         Rampage  .   (no gloves)
Will     .....     NoTele   +   (no boots)
Stlth    ..........             (no amulet)
HPRegen  0.26/turn              (no ring)
MPRegen  0.10/turn              (no ring)

@: berserking, corroded, very quick
A: icy blue scales 2, powered by death 2
a: Renounce Religion, Berserk, Trog's Hand


You were in the Dungeon.
You worshipped Trog.
Trog was most pleased with you.
You visited 1 branch You collected 314 gold pieces.

Inventory:

Hand Weapons
 a - a +0 mace (weapon)
Armour
 b - a +0 animal skin (worn)
Scrolls
 h - a scroll of blinking
 i - a scroll of magic mapping {unknown}
Potions
 c - a potion of curing
 d - a potion of heal wounds
 e - a potion of haste
 f - 2 potions of magic
 g - a potion of berserk rage


   Skills:
 + Level 9.3 Fighting
 + Level 8.5 Maces & Flails
 - Level 1.7 Armour
 - Level 9.0 Dodging


You had 6 spell levels left.
You didn't know any spells.
Your spell library was empty.

Dungeon Overview and Level Annotations

Branches:
Dungeon (1/1)

Altars:
Cheibriados
Dithmenos
Elyvilon
Fedhas
Gozag
Hepliaklqana
Kikubaaqudgha
Makhleb
Nemelex Xobeh
Okawaru
Qazlal
Ru
Sif Muna
Trog
Uskayaw
Vehumet
Wu Jian
Xom
Yredelemnul
Zin
The Shining One
Jiyva
Lugonu

Shops:
D :

Annotations:
D Sonja


Innate Abilities, Weirdness & Mutations

You are mostly covered in icy blue scales. (AC +3)
You regenerate health from kills.


Message History

What are your orders? t - Shout!
Orders for allies: a - Attack new target. r - Retreat! s - Stop attacking. g - Guard the area. f - Follow me.
Anything else - Cancel.
You shout for attention!
There is an open door, spattered with blood here.
There is an open door, spattered with blood here.
There is a radiant altar of Vehumet here.
You open the door.
Sonja, the Graceful Assassin comes into view.
She is wielding a +2 dagger of distortion, quivering curare-tipped darts and carrying a wand of acid (11).
Found 54 gold pieces.
There is an open door, spattered with blood here.
What are your orders? t - Shout!
Orders for allies: a - Attack new target. r - Retreat! s - Stop attacking. g - Guard the area. f - Follow me.
Anything else - Cancel.
You shout for attention!
You hear a shout!
You close the door.
You start waiting.
Sonja zaps a wand.
The bolt of acid hits you!! The acid corrodes you!
You are splashed with acid!
A red film seems to cover your vision as you go berserk!
You feel yourself moving faster!
You feel mighty!
Sonja zaps a wand.
The bolt of acid misses you.
You feel a strong urge to attack something.
Sonja zaps a wand.
The bolt of acid hits you! The acid corrodes you!
You are splashed with acid!
* * * LOW HITPOINT WARNING * * *
There is an open door, spattered with blood here.
You are too injured to fight recklessly!
You sock Sonja!
Sonja is moderately wounded.
Sonja zaps a wand.
The bolt of acid hits you!
* * * LOW HITPOINT WARNING * * *
The acid corrodes you!
You are splashed with acid!
You die...

###################
#<.#..)..#..'..#__#
#..)..#..').#..'..+
#..#####'#####'#__#
#..####..#...#:# ##
#..#__####..##.#
#..#_____##'#_.+
#⌠⌠#_.∩...@..._#
####_..__##K.#'#
#_____###'#.#
####### .### .$ K$#
.## +#


You could see Sonja.

Vanquished Creatures
  A slime creature (D)
  Sigmund (D)
  A yak (D)
  An ogre (D)
  A jelly (D)
  Ijyb (D)
6 creatures vanquished.

Notes
Turn   | Place    | Note
-------+----------+-------------------------------------------
     0 | D        | Dadi the Demonspawn Berserker began the quest for the Orb.
     0 | D        | Reached XP level 1. HP: 18/18 MP: 1/1
     1 | D        | Noticed Ijyb
     8 | D        | Killed Ijyb
     9 | D        | Reached skill level 5 in Fighting
     9 | D        | Gained mutation: You regenerate a little health from kills.
                  | [demonic ancestry]
     9 | D        | Reached XP level 2. HP: 27/27 MP: 2/2
    47 | D        | Noticed an ogre
    53 | D        | Killed an ogre
    54 | D        | Gained mutation: You are partially covered in icy blue
                  | scales. (AC +2) [demonic ancestry]
    54 | D        | Reached XP level 3. HP: 30/36 MP: 3/3
    54 | D        | Reached XP level 4. HP: 36/43 MP: 4/4
   188 | D        | Noticed Sigmund
   197 | D        | Killed Sigmund
   197 | D        | Reached ** piety under Trog
   198 | D        | Gained mutation: You are mostly covered in icy blue scales.
                  | (AC +3) [demonic ancestry]
   198 | D        | Reached XP level 5. HP: 52/52 MP: 5/5
   198 | D        | Reached XP level 6. HP: 58/58 MP: 6/6
   291 | D        | Found an ornate altar of the Wu Jian Council.
   291 | D        | Found a shimmering blue altar of Sif Muna.
   293 | D        | Found a radiant altar of Vehumet.
   330 | D        | Found Yxomeg's Book Emporium.
   330 | D        | Found an ancient bone altar of Kikubaaqudgha.
   330 | D        | Found a hazy altar of Hepliaklqana.
   330 | D        | Found a stormy altar of Qazlal.
   330 | D        | Found a hide-covered altar of Uskayaw.
   330 | D        | Found a blossoming altar of Fedhas.
   330 | D        | Found a bloodstained altar of Trog.
   330 | D        | Found an iron altar of Okawaru.
   330 | D        | Found a basalt altar of Yredelemnul.
   330 | D        | Found a snail-covered altar of Cheibriados.
   330 | D        | Found a sacrificial altar of Ru.
   330 | D        | Found a shadowy altar of Dithmenos.
   330 | D        | Noticed a yak
   335 | D        | Killed a yak
   336 | D        | Found an opulent altar of Gozag.
   337 | D        | Found a sparkling altar of Nemelex Xobeh.
   403 | D        | Found a burning altar of Makhleb.
   403 | D        | Found a viscous altar of Jiyva.
   403 | D        | Found a shimmering altar of Xom.
   403 | D        | Found a corrupted altar of Lugonu.
   403 | D        | Noticed a slime creature
   419 | D        | Killed a slime creature
   419 | D        | Reached *** piety under Trog
   420 | D        | Gained mutation: You regenerate health from kills. [demonic
                  | ancestry]
   420 | D        | Reached XP level 7. HP: 32/64 MP: 7/7
   744 | D        | Noticed Sonja
   754 | D        | Splashed by Sonja's acid

Illustrated notes

Levels and vault maps discovered:
D:        dungeon_sprint_1 [red_sonja_temple_1, red_sonja_temple_small_1]

Skill      XL: |  1  2  3  4  5  6 |
---------------+-------------------+-----
Fighting       | 5 7 9 |  9.3
Maces & Flails | 4 6 8 |  8.5
Dodging        | 9 |  9.0
Armour         | |  1.7

Action                   |  1- 3 |  4- 6 |  7- 9 || total
-------------------------+-------+-------+-------++-------
Melee: Mace              |    11 |    28 |     1 ||    40
Invok: Berserk           |     2 |     4 |     1 ||     7
Armor: Animal skin       |       |     1 |       ||     1
Dodge: Dodged            |     4 |     5 |     1 ||    10
